 Dungeon Crawl Stone Soup version 0.32-a0-799-g95e1662365 (webtiles) character file.

Game seed: 16151537654705721206

3738 adelrune the Cleaver (level 9, -2/72 HPs)
             Began as a Demonspawn Gladiator on Mar 21, 2024.
             Was a High Priest of Jiyva.
             Slain by a merfolk
             ... wielding a +0 trident
              (14 damage)
             ... on level 7 of the Dungeon.
             The game lasted 00:10:56 (5277 turns).

adelrune the Cleaver (Demonspawn Gladiator)         Turns: 5277, Time: 00:10:56

Health: -2/72      AC:  7    Str: 20    XL:     9   Next: 93%
Magic:  0/9        EV: 10    Int: 15    God:    Jiyva [*****.]
Gold:   190        SH:  9    Dex: 15    Spells: 8/8 levels left

rFire   . . .        A - +6 shillelagh "Devastator" {shatter}
rCold   + + .        C - +0 kite shield
rNeg    . . .        u - +2 leather armour {rPois}
rPois   +            (helmet restricted)
rElec   .            (no cloak)
rCorr   +            (no gloves)
SInv    .            (boots unavailable)
Will    .....        (no amulet)
Stlth   ++           p - ring of protection from cold
HPRegen 1.76/turn    w - ring of protection from cold
MPRegen 0.94/turn

%: guardian spirit
@: wreathed by umbra
A: hooves 3, slimy green scales 1, magic shield, magic regeneration, foul shadow
1, beak, claws 1, agile 1, clever 2, strong 1, evolution 1, MP-powered wands,
sturdy frame 1
a: Renounce Religion, Oozemancy, Slimify


You were on level 7 of the Dungeon.
You worshipped Jiyva.
Jiyva was extremely pleased with you.
You visited 1 branch of the dungeon, and saw 7 of its levels.

You collected 365 gold pieces.
You spent 175 gold pieces at shops.

Inventory:

Hand Weapons
 a - a +0 war axe
 A - the +6 shillelagh "Devastator" (weapon) {shatter}
   (You found it on level 4 of the Dungeon)
Missiles
 d - 3 throwing nets (quivered)
 e - a javelin
Armour
 b - a +0 leather armour
 c - a +0 helmet
 s - a +0 ring mail
 u - a +2 leather armour of poison resistance (worn)
 B - a +0 ring mail of willpower
 C - a +0 kite shield (worn)
Jewellery
 p - a ring of protection from cold (left claw)
 w - a ring of protection from cold (right claw)
 E - a +5 ring of evasion
 H - a ring of fire
Wands
 x - a wand of acid (7)
Scrolls
 g - a scroll of blinking {unknown}
 k - a scroll of immolation
 l - a scroll of teleportation {unknown}
 m - 4 scrolls of fog
 o - 2 scrolls of vulnerability
 q - a scroll of summoning {unknown}
 t - a scroll of noise
 y - a scroll of revelation
Potions
 f - a potion of cancellation {unknown}
 j - a potion of enlightenment {unknown}
 n - 2 potions of attraction
 r - a potion of haste
 v - a potion of brilliance {unknown}
 F - a potion of magic {unknown}
 G - a potion of might
Miscellaneous
 D - a lightning rod (4/4)


   Skills:
 + Level 7.0 Fighting
 * Level 9.2 Axes
 - Level 1.7 Throwing
 + Level 6.0 Armour
 - Level 2.6 Dodging
 + Level 4.2 Shields


You had 8 spell levels left.
You didn't know any spells.
Your spell library contained the following spells:

 Spells                   Type           Power      Damage    Failure   Level
 Magic Dart               Conj           0%         1d3       54%         1
 Blink                    Tloc           0%         N/A       69%         2
 Call Imp                 Summ           0%         N/A       69%         2
 Inner Flame              Hex/Fire       0%         N/A       89%         3
 Irradiate                Conj/Alch      0%         3d11      100%        5
 Ignition                 Fire           0%         3d3       100%        8


Dungeon Overview and Level Annotations

Branches:
Dungeon (7/15)
 Temple: D:4-7

Altars:
Cheibriados
Hepliaklqana
Okawaru
Sif Muna
Jiyva

Shops:
D:4 ?


Innate Abilities, Weirdness & Mutations

You have hooves in place of feet.
You are partially covered in slimy green scales. (AC +2)
When hurt, damage is shared between your health and your magic reserves.
You regenerate magic rapidly.
You are faintly shadowed, very rarely releasing foul flame when damaged in melee.
You have a beak for a mouth.
You have sharp fingernails.
You are agile. (Dex +4, Str/Int -1)
Your mind is very acute. (Int +8, Str/Dex -2)
Your muscles are strong. (Str +4, Int/Dex -1)
You have hidden genetic potential.
You expend magic power (3 MP) to strengthen your wands.
Your movements are slightly less encumbered by armour. (ER -2)


Message History

The water elemental engulfs you in water!
The steam dragon breathes steam at you. The ball of steam hits you!
* * * LOW HITPOINT WARNING * * *
You block the water elemental's attack. x2
You sock the water elemental!
The steam dragon, the ice beast and the water elementals shudder.
The ice beast is severely wounded.
You destroy the water elemental! x2
The water engulfing you falls away.
You gasp with relief as air once again reaches your lungs.
You destroy the water elemental!
You are engulfed in a cloud of scalding steam.
You feel sick.
The ice beast hits you but does no damage.
The steam dragon closely misses you. You block the steam dragon's attack.
Your Axes skill increases to level 9!
Your Shields skill increases to level 4!
You feel better.
You are engulfed in a cloud of scalding steam.
* * * LOW HITPOINT WARNING * * *
The ice beast hits you.
* * * LOW HITPOINT WARNING * * *
The ice beast freezes you. You resist.
* * * LOW HITPOINT WARNING * * *
The steam dragon barely misses you. x2
You thump the ice beast!
The ice beast and the steam dragon shudder.
You kill the ice beast!
The steam dragon is lightly wounded.
You block the steam dragon's attack.
The steam dragon claws you but does no damage.
Your Fighting skill increases to level 7!
Your Armour skill increases to level 6!
You hit the steam dragon.
The steam dragon shudders.
You peck the steam dragon, but do no damage.
The steam dragon is lightly wounded.
The merfolk hits you from afar with a +0 trident!!
You die...
Jiyva sends a jelly to digest your remains.

...#....#.~≈≈..
...........≈≈≈~~
...........≈≈≈≈≈
...........≈~~~~
............~...
#.......).......
#......m....?..
#....D†<.......
#....†@...#####
#....###### +>##
#


You could see a merfolk and a steam dragon.

Vanquished Creatures
  The ghost of sychorax the Digger, a novice OpEE (D:6)
  The ghost of Berder the Apothecary, an amateur OpAl of Vehumet (D:5)
  4 water elementals (D:7)
  Duvessa (D:5)
  2 water moccasins (D:5)
  5 ice beasts
  2 orc warriors (D:6)
  2 sky beasts (D:6)
  3 ogres
  2 phantoms (D:5)
  A bullfrog (D:7)
  A gnoll sergeant (D:5)
  3 scorpions (D:5)
  A wight (D:5)
  A hornet simulacrum (D:6)
  Dowan (D:5)
  5 killer bees (D:7)
  A howler monkey (D:5)
  A bombardier beetle (D:2)
  3 orc priests
  3 hounds
  A water moccasin simulacrum (D:6)
  A sleepcap (D:5)
  2 iguanas
  An orc wizard (D:3)
  A bullfrog simulacrum (D:6)
  A hound skeleton (D:3)
  7 gnolls
  2 adders
  A white imp (D:5)
  A howler monkey simulacrum (D:6)
  An ufetubus (D:5)
  2 adder skeletons (D:3)
  A dart slug (D:2)
  A ribbon worm (D:5)
  15 orcs
  An endoplasm (D:1)
  A giant cockroach (D:4)
  4 goblins
  2 hobgoblins
  A jackal (D:5)
  4 quokkas
  5 ball pythons
  A ball python skeleton (D:3)
  A ball python zombie (D:3)
  4 bats
  9 kobolds
  4 rats
119 creatures vanquished.

Vanquished Creatures (others)
  3 ogres
  A howler monkey (D:3)
  6 jellies
  A hound (D:4)
  2 gnolls (D:5)
  5 adders
  A ribbon worm (D:3)
  5 orcs
  A giant cockroach (D:3)
  2 goblins
  A jackal (D:5)
  2 kobolds
30 creatures vanquished.

Grand Total: 149 creatures vanquished

Notes
Turn   | Place    | Note
-------+----------+-------------------------------------------
     0 | D:1      | adelrune the Demonspawn Gladiator began the quest for the
                  | Orb.
     0 | D:1      | Reached XP level 1. HP: 16/16 MP: 1/1
   207 | D:1      | Found a faded altar of an unknown god.
   222 | D:1      | Prayed at the altar of an unknown god.
   222 | D:1      | Became a worshipper of Jiyva Jifeer the Shapeless
   222 | D:1      | Reached * piety under Jiyva
   264 | D:1      | Reached skill level 3 in Axes
   264 | D:1      | Gained mutation: You are partially covered in slimy green
                  | scales. (AC +2) [demonic ancestry]
   264 | D:1      | Reached XP level 2. HP: 22/22 MP: 2/2
   854 | D:2      | Noticed a bombardier beetle
   864 | D:2      | Killed a bombardier beetle
   865 | D:2      | Reached skill level 1 in Armour
   865 | D:2      | Gained mutation: You regenerate magic rapidly. [demonic
                  | ancestry]
   865 | D:2      | Reached XP level 3. HP: 11/28 MP: 3/3
   938 | D:2      | Reached ** piety under Jiyva
  1391 | D:3      | Gained mutation: You are faintly shadowed, very rarely
                  | releasing foul flame when damaged in melee. [demonic
                  | ancestry]
  1391 | D:3      | Reached XP level 4. HP: 34/34 MP: 4/4
  1392 | D:3      | Found a shimmering blue altar of Sif Muna.
  1449 | D:3      | Reached skill level 4 in Axes
  1797 | D:3      | Reached XP level 5. HP: 39/41 MP: 5/5
  1815 | D:3      | Reached *** piety under Jiyva
  1829 | D:3      | You fall into a shaft and drop 3 floors!
  1942 | D:6      | Noticed a sky beast
  1945 | D:6      | Noticed an orc warrior
  1963 | D:6      | Killed a sky beast
  1986 | D:6      | Gained mutation: You have hidden genetic potential.
                  | [Jiyva's grace]
  1986 | D:6      | Gained mutation: You have great hidden genetic potential.
                  | [Jiyva's grace]
  1986 | D:6      | Gained mutation: You have sharp fingernails. [Jiyva's
                  | grace]
  1986 | D:6      | Gained mutation: You have very sharp fingernails. [Jiyva's
                  | grace]
  2004 | D:6      | Noticed an ogre
  2007 | D:6      | Noticed a sky beast
  2017 | D:5      | Entered Level 5 of the Dungeon
  2061 | D:5      | Noticed Dowan
  2087 | D:5      | Found a runed translucent gate.
  2087 | D:5      | Found a runed translucent gate.
  2088 | D:5      | Found a runed translucent gate.
  2094 | D:5      | Noticed Berder's ghost (amateur OpAl)
  2099 | D:5      | Gained mutation: You have large cloven feet. [demonic
                  | ancestry]
  2099 | D:5      | Reached XP level 6. HP: 47/47 MP: 6/6
  2119 | D:5      | Killed Dowan
  2120 | D:5      | Reached skill level 5 in Axes
  2160 | D:5      | Found a snail-covered altar of Cheibriados.
  2304 | D:5      | Noticed Duvessa
  2315 | D:5      | Killed Duvessa
  2316 | D:5      | Gained mutation: You have hoof-like feet. [demonic
                  | ancestry]
  2316 | D:5      | Reached XP level 7. HP: 13/54 MP: 7/7
  2357 | D:5      | Found a hazy altar of Hepliaklqana.
  2500 | D:4      | Found Tyukudoy's Magic Scroll Boutique.
  2510 | D:4      | Found an iron altar of Okawaru.
  2513 | D:4      | Reached **** piety under Jiyva
  2581 | D:4      | Bought a scroll of revelation for 97 gold pieces
  2581 | D:4      | Bought a scroll of identify for 26 gold pieces
  2581 | D:4      | Bought a scroll of fog for 52 gold pieces
  2659 | D:4      | Found the +6 shillelagh "Devastator" {shatter}
  3362 | D:5      | Gained mutation: Your movements are slightly less
                  | encumbered by armour. (ER -2) [hidden potential]
  3375 | D:5      | Reached ***** piety under Jiyva
  3599 | D:5      | Reached skill level 6 in Axes
  3750 | D:5      | Reached skill level 5 in Fighting
  3750 | D:5      | Gained mutation: When hurt, damage is shared between your
                  | health and your magic reserves. [demonic ancestry]
  3750 | D:5      | Reached XP level 8. HP: 41/62 MP: 8/8
  3786 | D:5      | Reached skill level 1 in Shields
  3792 | D:5      | Gained mutation: You have a beak for a mouth. [hidden
                  | potential]
  3792 | D:5      | Lost mutation: You have great hidden genetic potential.
                  | [hidden potential expressed]
  3808 | D:5      | Reached skill level 7 in Axes
  4075 | D:5      | Killed Berder's ghost
  4212 | D:6      | Reached skill level 5 in Armour
  4212 | D:6      | Gained mutation: You have hooves in place of feet. [demonic
                  | ancestry]
  4212 | D:6      | Reached XP level 9. HP: 63/69 MP: 9/9
  4243 | D:6      | Lost mutation: You have very sharp fingernails. [Jiyva's
                  | grace]
  4243 | D:6      | Gained mutation: Your mind is acute. (Int +4, Str/Dex -1)
                  | [Jiyva's grace]
  4243 | D:6      | Gained mutation: Your mind is very acute. (Int +8, Str/Dex
                  | -2) [Jiyva's grace]
  4243 | D:6      | Gained mutation: You expend magic power (3 MP) to
                  | strengthen your wands. [Jiyva's grace]
  4243 | D:6      | Gained mutation: You are agile. (Dex +4, Str/Int -1)
                  | [Jiyva's grace]
  4303 | D:6      | Noticed sychorax's ghost (novice OpEE)
  4321 | D:6      | Identified the +1 leather armour of the Tick {Str+4}
  4337 | D:6      | Found a runed translucent gate.
  4337 | D:6      | Found a runed translucent gate.
  4337 | D:6      | Found a runed translucent gate.
  4488 | D:6      | Reached skill level 8 in Axes
  5081 | D:6      | Gained mutation: Your muscles are strong. (Str +4, Int/Dex
                  | -1) [hidden potential]
  5088 | D:6      | Killed sychorax's ghost
  5268 | D:7      | HP: 3/71 [killer bee (3)]
  5272 | D:7      | Noticed a merfolk
  5275 | D:7      | Reached skill level 9 in Axes
  5277 | D:7      | Slain by a merfolk

Illustrated notes

Levels and vault maps discovered:
D:1:      dpeg_arrival_connections, layout_basic,
          ebering_ecumenical_altar_petrified, feat_on_display
D:2:      layout_rooms
D:3:      layout_basic, amcnicky_altar_gilded, serial_undead, serial_undead_a,
          serial_undead_a, serial_undead_a, serial_undead_e, minmay_quantized
D:4:      layout_loops_ring, okawaru_gym_becter, serial_shops,
          nicolae_shop_statue_plus, dilly_guarded_unrand_devastator
D:5:      kennysheep_windowed_halls, layout_basic, mainiacjoe_overflow_brackets,
          minitemple, ebering_ghost_rock_garden, serial_rivers,
          chequers_serial_rivers_micro_e, chequers_serial_rivers_micro_c,
          chequers_serial_rivers_large_b, chequers_serial_rivers_marsh,
          chequers_serial_rivers_small_a, grunt_ministairs_8, uniq_duvessa
D:6:      layout_basic, gammafunk_ghost_icy, lightli_minifort
D:7:      layout_basic, minmay_temple_entry_glass, hex_tiny,
          nicolae_rank_and_phial

Skill      XL: |  1  2  3  4  5  6  7  8  9 |
---------------+----------------------------+-----
Axes           | 3 4 5 6 7 9 |  9.2
Armour         | 1 2 3 4 5 6 |  6.0
Fighting       | 3 4 5 6 7 |  7.0
Shields        | 2 4 |  4.2
Throwing       | |  1.7
Dodging        | |  2.6

Action                     |  1- 3 |  4- 6 |  7- 9 || total
---------------------------+-------+-------+-------++-------
  Melee: War axe           |    82 |    84 |    32 ||   198
         Kick              |       |    10 |    25 ||    35
         Shillelagh        |       |       |   123 ||   123
         Peck              |       |       |     8 ||     8
    Use: Potion            |       |     1 |     3 ||     4
         Scroll            |       |       |     7 ||     7
   Stab: Sleeping          |     1 |       |     2 ||     3
 Armour: Leather armour    |    42 |    70 |   116 ||   228
         Ring mail         |       |    25 |       ||    25
  Dodge: Dodged            |    74 |    77 |    91 ||   242
  Block: Kite shield       |       |       |    50 ||    50

Table legend: (Time is in decaauts)
 A = Elapsed time spent in this place.
 B = Non-inter-level travel time spent in this place.
 C = Inter-level travel time spent in this place.
 D = Time resting spent in this place.
 E = Time spent auto-exploring this place.
 F = Levels seen in this place.
 G = Mean time per level.
                   A        B        C        D        E       F      G
               +--------+--------+--------+--------+--------+-----+--------+
         Total |   5408 |   5210 |    198 |    184 |   3804 |   7 |  772.6 |
       Dungeon |   5408 |   5210 |    198 |    184 |   3804 |   7 |  772.6 |
               +--------+--------+--------+--------+--------+-----+--------+

Top non-repeatable levels by time:
     D:6: 1365 daAuts
     D:5: 1326 daAuts
     D:1: 815 daAuts
     D:3: 809 daAuts
     D:4: 600 daAuts
     D:2: 469 daAuts
     D:7: 21 daAuts
